cohdb
Replays
Latest Replays
All Replays
Popular Replays
Top Player Replays
Match Explorer
How It Works
Community
CoH3 Stats
Reddit
Sign in to upload your games and track your stats! →
Sign in with Steam
Match 41432117
Unlisted
Match 41432117
Overview
Messages
Build Orders
End
Construct Section Command Post
Dingo Light Scout Car
Infantry Section
Selects Indian Artillery Battlegroup
Royal Engineer Section
Vickers Machine Gun Team
Infantry Section
Grenade Package
Construct Platoon Command Post
Selects War Cry
Selects Towed ML 4.2-inch Heavy Mortar
Towed ML 4.2-inch Heavy Mortar
Selects Gurkha Rifles Section
Gurkha Rifles Section
Gurkha Rifles Section
6-pounder Anti-tank Gun Team
Moose
Baja Doughman
BigTiddyLebron
kreumat
0
0
Comments
sign in to comment!
No comments posted yet!